 Dungeon Crawl Stone Soup version 0.25.1-2-g60ff931df9 (webtiles) character file.

Game seed: 995578582107602006

2249 Luthien the Destroyer (level 9, -15/45 HPs)
             Began as a Gargoyle Conjurer on Nov 30, 2020.
             Demolished by an orc warlord
             ... wielding a +0 war axe
              (23 damage)
             ... on level 7 of the Dungeon.
             The game lasted 00:33:50 (8891 turns).

Luthien the Destroyer (Gargoyle Conjurer)           Turns: 8891, Time: 00:33:51

Health: -15/45     AC: 10    Str: 13    XL:     9   Next: 37%
Magic:  3/15       EV: 27    Int: 18    God:
Gold:   382        SH:  6    Dex: 16    Spells: 9/16 levels left

rFire    + . .     SeeInvis .   n - -2 hunting sling (curse)
rCold    . . .     Gourm    .   E - +1 buckler {rF+}
rNeg     + . .     Faith    .   I - +0 robe (curse)
rPois    ∞         Spirit   .   S - +0 helmet
rElec    +         Reflect  .   (no cloak)
rCorr    .         Harm     .   P - +0 pair of gloves
MR       .....                  (no boots)
Stlth    ++........             J - amulet of the acrobat
HPRegen  0.15/turn              p - +6 ring of dexterity
MPRegen  0.14/turn              (no ring)

@: acrobat
A: negative energy resistance 1, electricity resistance, unbreathing,
petrification resistance, rot immunity, AC +6
a: no special abilities


You were on level 7 of the Dungeon.
You were very hungry.

You visited 1 branch of the dungeon, and saw 7 of its levels.
You also visited: Sewer and Bailey.

You collected 382 gold pieces.

Inventory:

Hand Weapons
 n - a cursed -2 hunting sling (weapon)
 A - a +3 dagger of electrocution
Missiles
 e - 196 stones (quivered)
 u - 67 arrows
 x - a throwing net
 B - 4 atropa-tipped darts
 R - 13 boomerangs
Armour
 a - a +0 robe
 z - a +0 leather armour
 E - a +1 buckler of fire resistance (worn)
 F - a +0 hat
 I - a cursed +0 robe (worn)
 P - a +0 pair of gloves (worn)
 S - a +0 helmet (worn)
Jewellery
 p - a +6 ring of dexterity (left hand)
 J - an amulet of the acrobat (around neck)
Scrolls
 f - 15 scrolls of identify
 h - a scroll of amnesia
 j - a scroll of enchant weapon
 l - a scroll of fog {unknown}
 s - 2 scrolls of magic mapping
 w - 6 scrolls of teleportation
 y - 2 scrolls of remove curse {unknown}
 D - 4 scrolls of fear
 K - a scroll of enchant armour {unknown}
Potions
 b - a potion of magic
 k - 5 potions of degeneration {unknown}
 m - 3 potions of flight
 o - a potion of brilliance {unknown}
 r - a potion of cancellation {unknown}
 t - 2 potions of curing {unknown}
 v - a potion of stabbing {unknown}
 C - 2 potions of invisibility {unknown}
 G - a potion of mutation {unknown}
 L - a potion of resistance
 M - 3 potions of ambrosia {unknown}
 N - 2 potions of lignification {unknown}
 O - a potion of berserk rage {unknown}
Comestibles
 c - 7 rations


   Skills:
 - Level 1.8 Dodging
 - Level 2.5 Stealth
 - Level 4.0 Shields
 - Level 4.2 Spellcasting
 + Level 10.1 Conjurations
 - Level 6.0 Hexes


You had 9 spell levels left.
You knew the following spells:

 Your Spells              Type           Power        Failure   Level  Hunger
a - Magic Dart            Conj           ####         1%          1    None
b - Searing Ray           Conj           #####.       1%          2    ##.....
p - Fulminant Prism       Conj/Hex       ####......   5%          4    ####...

Your spell library contained the following spells:

 Spells                   Type           Power        Failure   Level  Hunger
 Corona                   Hex            ####...      1%          1    None
 Dazzling Flash           Conj/Hex       ####..       1%          3    ###....
 Confusing Touch          Hex            ####....     3%          3    ###....
 Tukima's Dance           Hex            ####....     3%          3    ###....
 Ensorcelled Hibernation  Hex/Ice        ##....       6%          2    ##.....
 Beastly Appendage        Tmut           #.....       14%         1    None
 Iskenderun's Mystic Bla  Conj/Tloc      ###.....     19%         4    ####...
 Sticks to Snakes         Tmut           #.......     22%         2    ##.....
 Spider Form              Tmut/Pois      #.........   41%         3    ###....
 Ice Form                 Ice/Tmut       #.......     82%         4    ####...
 Blade Hands              Tmut           #.........   99%         5    ######.


Dungeon Overview and Level Annotations

Branches:
Dungeon (7/15)             Temple (0/1) D:7           Sewer (visited)
 Bailey (visited)

Altars:
Ashenzari
Cheibriados
Wu Jian
Yredelemnul

Annotations:
D:5 1 runed translucent door, Crazy Yiuf


Innate Abilities, Weirdness & Mutations

You are resistant to torment.
Your stone body is resilient. (AC +6)
You are immune to poison.
You resist negative energy. (rN+)
You are resistant to electric shocks. (rElec)
You can survive without breathing.
You are immune to petrification.
You are immune to rotting.


Message History

a +0 hand axe; a +0 leather armour; a +0 hand axe; a +0 leather armour
Items here: ))))) [[[[[
Items here: )))) [[[[
Okay, then.
There is a gate leading back out of this place here.
Firing (i - inventory. (/) - cycle)
e - 197 stones (quivered)
Press: ? - help, Shift-Dir - straight line, f - orc warlord
Aim: an orc warlord, wielding a +0 war axe and wearing a +3 plate armour of poison resistance (moderately wounded)
You shoot a stone.
The stone hits the orc warlord but does no damage.
The orc warlord is moderately wounded.
The orc warlord hits you with a +0 war axe!!
The orc warlord hits you with a +0 war axe!
* * * LOW HITPOINT WARNING * * *
Welcome back to the Dungeon!
There is an empty arch of ancient stone here.
Okay, then.
The orc warlord hits you with a +0 war axe!!
Ouch! That really hurt!
You die...

.....# ##....######...###...
....## #..#### ##........ .##.##
######.## *#..#####.
###..###......#######**#..## #. #
#.................#*...,* ##
*#...##.........#.......** #
*#....###........#**,.....* ###
......# ##.####.o#*,,.....##*##..
......# #.# ##@#,,****#...##..#
......# #.# #...#* ##......##
......#*##.# #..## #.......#
......?*#..# #..#* #.......#
,,.g....#.<## *#...*####.......##
,,..g.g.....#**.....,.#.........#
**#....g.#......####*,...###.....
##.!..#####..## **#..* ##....
##...* **#.#** ##.####.....


You could see an orc warlord.

Vanquished Creatures
  A sky beast (D:5)
  A necrophage (D:6)
  6 orc warriors
  4 ogres
  A centaur (D:5)
  A big kobold (D:7)
  A bullfrog (D:4)
  2 water moccasin skeletons (D:5)
  An electric eel (D:7)
  A jelly (D:5)
  A bullfrog skeleton (D:5)
  A centaur skeleton (D:4)
  3 hounds
  3 iguanas
  2 worker ants (D:4)
  2 orc wizards
  2 hound skeletons
  A worker ant zombie (D:5)
  11 gnolls (Bailey)
  10 adders
  A shadow imp (D:3)
  5 oozes
  3 adder skeletons
  5 worms
  7 leopard geckos
  27 orcs
  11 bats
  8 giant cockroaches
  15 goblins
  17 hobgoblins
  10 jackals
  A quokka (D:3)
  4 ball pythons
  A ball python zombie (D:5)
  3 frilled lizards
  17 kobolds
  8 rats
  A spectral orc (D:5)
199 creatures vanquished.

Vanquished Creatures (others)
  7 fulminant prisms
7 creatures vanquished.

Grand Total: 206 creatures vanquished

Notes
Turn   | Place    | Note
-------+----------+-------------------------------------------
     0 | D:1      | Luthien the Gargoyle Conjurer began the quest for the Orb.
     0 | D:1      | Reached XP level 1. HP: 10/10 MP: 3/3
   130 | D:1      | Reached XP level 2. HP: 13/15 MP: 0/5
   134 | D:1      | Learned a level 2 spell: Searing Ray
   596 | D:1      | Reached XP level 3. HP: 19/19 MP: 0/6
  1233 | D:2      | Found a faded altar of an unknown god.
  1452 | D:2      | Reached skill level 5 in Conjurations
  1574 | D:2      | Reached XP level 4. HP: 24/24 MP: 2/8
  2135 | D:2      | Found a shattered altar of Ashenzari.
  2362 | D:2      | Noticed an ogre
  2368 | D:2      | Killed an ogre
  2368 | D:2      | Reached XP level 5. HP: 28/28 MP: 1/10
  2703 | D:3      | Reached skill level 6 in Conjurations
  2746 | D:3      | Reached XP level 6. HP: 20/32 MP: 3/12
  3099 | D:3      | Found a glowing drain.
  3103 | Sewer    | Entered a sewer
  3127 | Sewer    | Learned a level 4 spell: Fulminant Prism
  4349 | D:4      | Reached skill level 1 in Hexes
  4353 | D:4      | Reached skill level 1 in Shields
  4552 | D:4      | Reached XP level 7. HP: 33/36 MP: 5/13
  4655 | D:4      | Found an ornate altar of the Wu Jian Council.
  5224 | D:5      | Entered Level 5 of the Dungeon
  5605 | D:5      | Reached skill level 7 in Conjurations
  5606 | D:5      | Reached XP level 8. HP: 18/41 MP: 4/14
  6331 | D:5      | Found a basalt altar of Yredelemnul.
  6676 | D:5      | Found a runed translucent door.
  6677 | D:5      | Noticed Crazy Yiuf
  7119 | D:6      | Reached skill level 5 in Hexes
  7388 | D:6      | Found a snail-covered altar of Cheibriados.
  7657 | D:7      | Reached skill level 8 in Conjurations
  7828 | D:7      | Found a flagged portal.
  7869 | Bailey   | Entered a bailey
  8023 | Bailey   | Reached XP level 9. HP: 45/45 MP: 10/15
  8141 | Bailey   | Reached skill level 9 in Conjurations
  8796 | Bailey   | Reached skill level 10 in Conjurations
  8831 | Bailey   | Noticed an orc warlord
  8891 | D:7      | Demolished by an orc warlord

Illustrated notes

Levels and vault maps discovered:
D:1:      ncdulo_wetmaze, layout_loops_ring, st_stairs_6,
          chequers_serial_rivers_room_b, minmay_pentomino_p2
D:2:      layout_loops_ring, chequers_ecumenical_altar_simple,
          nicolae_ashenzari_panopticon
D:3:      layout_basic, gup_sewer_entry_bowl
D:4:      layout_basic, kennysheep_mini_moat, first_ration
D:5:      lemuel_upstairs_altar, layout_cave_pools,
          yredelemnul_forgotten_temple_becter, kennysheep_generic_room_12,
          uniq_crazy_yiuf_cottage
D:6:      layout_basic, basic_altar
D:7:      layout_layer_cave, minmay_temple_entry_arrows, enter_bailey_6,
          lightli_minifort

Skill      XL: |  1  2  3  4  5  6  7  8  9 |
---------------+----------------------------+-----
Conjurations   | 5 6 7 8 10 | 10.1
Spellcasting   | 3 4 |  4.2
Hexes          | 1 3 6 |  6.0
Shields        | 1 4 |  4.0
Dodging        | |  1.8
Stealth        | |  2.5

Action                   |  1- 3 |  4- 6 |  7- 9 || total
-------------------------+-------+-------+-------++-------
Melee: Dagger            |     4 |    38 |    12 ||    54
 Fire: Hunting sling     |       |       |    97 ||    97
Throw: Stone             |       |       |     1 ||     1
 Cast: Magic Dart        |    68 |    43 |   106 ||   217
       Searing Ray       |       |    31 |    52 ||    83
       Fulminant Prism   |       |       |     7 ||     7
  Use: Potion            |       |     1 |       ||     1
       Scroll            |       |       |     7 ||     7
 Stab: Sleeping          |       |     6 |       ||     6
  Eat: Chunk             |     3 |    10 |    15 ||    28
Armor: Robe              |     5 |    20 |    20 ||    45
Dodge: Dodged            |    10 |    43 |    41 ||    94
Block: Buckler           |       |     1 |    13 ||    14
